 Dungeon Crawl Stone Soup version 0.28.0-53-g5a82cb258f (webtiles) character file.

Game seed: 14375439371154625673

17 ZappyNine the Caller (level 2, 0/12 HPs)
             Began as a Felid Summoner on June 30, 2022.
             Slain by a hobgoblin (4 damage)
             ... on level 2 of the Dungeon.
             The game lasted 00:01:20 (1405 turns).

ZappyNine the Caller (Felid Summoner)               Turns: 1405, Time: 00:01:20

Health: 0/12       AC:  1    Str:  4    XL:     2   Next: 44%
Magic:  5/6        EV: 17    Int: 16    God:
Gold:   50         SH:  0    Dex: 16    Spells: 2/5 levels left
                                        Lives:  0   Deaths: 0

rFire   . . .      SeeInvis +   (weapon unavailable)
rCold   . . .      Faith    .   (shield unavailable)
rNeg    . . .      Spirit   .   (armour unavailable)
rPois   .          Reflect  .   (helmet unavailable)
rElec   .          Harm     .   (cloak unavailable)
rCorr   .          Rampage  .   (gloves unavailable)
Will    .....                   (boots unavailable)
Stlth   ++........              (no amulet)
HPRegen 0.04/turn               (no ring)
MPRegen 0.10/turn               (no ring)

@: quick
A: very small, claws 1, fangs 3, see invisible, speed 1, shaggy fur 1, stealthy
paws, no weapons or thrown items, no armour, multi-lived
a: no special abilities


You were on level 2 of the Dungeon.
You visited 1 branch of the dungeon, and saw 2 of its levels.

You collected 50 gold pieces.

Inventory:

Jewellery
 f - a ring of fire
Scrolls
 b - a scroll of identify {unknown}
 d - a scroll of enchant weapon {unknown}
 e - a scroll of noise {unknown}
Potions
 a - a potion of mutation {unknown}
 c - 2 potions of haste {unknown}
 g - a potion of curing {unknown}


   Skills:
 + Level 0.8 Fighting
 + Level 3.1 Dodging
 - Level 2.6 Stealth
 + Level 2.2 Spellcasting
 + Level 4.1 Summonings


You had 2 spell levels left.
You knew the following spells:

 Your Spells              Type           Power      Damage    Failure   Level
a - Summon Small Mammal   Summ           60%        N/A       3%          1
b - Call Imp              Summ           15%        N/A       5%          2

Your spell library contained the following spells:

 Spells                   Type           Power      Damage    Failure   Level
 Call Canine Familiar     Summ           15%        N/A       11%         3
 Summon Guardian Golem    Hex/Summ       8%         N/A       26%         3
 Conjure Flame            Conj/Fire      1%         6-21      52%         3
 Ignite Poison            Fire/Tmut/Pois 1%         N/A       52%         3
 Summon Lightning Spire   Summ/Air       8%         N/A       65%         4
 Sticky Flame             Conj/Fire      1%         2d3       90%         4


Dungeon Overview and Level Annotations

Branches:
Dungeon (2/15)

Altars:


Innate Abilities, Weirdness & Mutations

You have sharp claws.
You have razor-sharp teeth.
You have supernaturally acute eyesight. (SInv)
You cover ground quickly. (Speed+)
You are covered in fur. (AC +1)
Your paws help you pounce on unaware monsters.
You are incapable of wielding weapons or throwing items.
You cannot wear armour.
You gain extra lives every three experience levels.


Message History

The hobgoblin is moderately wounded.
The hobgoblin misses you.
Your crimson imp blinks!
You scratch the hobgoblin.
The hobgoblin is heavily wounded.
The hobgoblin barely misses you.
Casting: Call Imp (safe; 5% risk of failure)
Confirm with . or Enter, or press ? or * to list all spells.
The hobgoblin misses you.
Unknown command.
The hobgoblin hits your crimson imp.
Your crimson imp hits the hobgoblin but does no damage.
The hobgoblin barely misses your crimson imp.
A hobgoblin is nearby!
Your crimson imp completely misses the hobgoblin.
The hobgoblin barely misses your crimson imp.
Your rat closely misses the hobgoblin.
Your crimson imp blinks!
A hobgoblin is nearby!
Your rat closely misses the hobgoblin.
A hobgoblin is nearby!
You scratch the hobgoblin but do no damage.
Your claw misses the hobgoblin.
You bite the hobgoblin, but do no damage.
The hobgoblin is heavily wounded.
Your crimson imp hits the hobgoblin but does no damage.
The hobgoblin closely misses you.
You scratch the hobgoblin but do no damage.
The hobgoblin is moderately wounded.
Your rat barely misses the hobgoblin.
Your crimson imp hits the hobgoblin.
The hobgoblin misses you.
You closely miss the hobgoblin.
The hobgoblin is heavily wounded.
Your crimson imp hits the hobgoblin but does no damage.
Your rat misses the hobgoblin. The hobgoblin barely misses you.
You scratch the hobgoblin but do no damage.
The hobgoblin is heavily wounded.
Your crimson imp hits the hobgoblin but does no damage.
Your rat barely misses the hobgoblin.
The hobgoblin hits you.
You die...

#...†......#
#....####..#
#.#.#####..#
#.#........######
. #
######..>......
.. ##..#######.##
#..##.......
#.....#..#
#..rg@.<.#
###5##.#.# #.# .#
J. #.# .# # #.#
.# #.# .# #.# .#
#.# .# #.#


You could see a hobgoblin (ally target), a friendly crimson imp (summoned) and a
friendly rat (summoned).

Vanquished Creatures
  An endoplasm (D:2)
  A giant cockroach (D:1)
  2 goblins (D:1)
  A hobgoblin (D:2)
  A jackal (D:2)
  A ball python (D:1)
  A bat (D:1)
  A rat (D:2)
9 creatures vanquished.

Vanquished Creatures (collateral kills)
  An endoplasm (D:1)
  A giant cockroach (D:1)
  A hobgoblin (D:1)
  A jackal (D:2)
  A kobold (D:1)
  A rat (D:1)
6 creatures vanquished.

Grand Total: 15 creatures vanquished

Notes
Turn   | Place    | Note
-------+----------+-------------------------------------------
     0 | D:1      | ZappyNine the Felid Summoner began the quest for the Orb.
     0 | D:1      | Reached XP level 1. HP: 7/7 MP: 4/4
   498 | D:1      | Reached XP level 2. HP: 8/12 MP: 3/6
   501 | D:1      | Learned a level 2 spell: Call Imp
  1405 | D:2      | Slain by a hobgoblin

Illustrated notes

Levels and vault maps discovered:
D:1:      psy_arrival_fountain, layout_basic
D:2:      layout_loops_ring, pf_guarded_unrand_delatra

Skill      XL: |  1 |
---------------+----+-----
Dodging        | 3 |  3.1
Fighting       | |  0.8
Stealth        | |  2.6
Spellcasting   | |  2.2
Summonings     | |  4.1

Action                   || total
-------------------------++-------
Melee: Unarmed           ||    52
       Bite              ||     5
       Punch             ||     1
 Cast: Summon Small Mamm ||    12
       Call Imp          ||     5
 Stab: Sleeping          ||     2
Armor: Skin              ||     1
Dodge: Dodged            ||    43
